 Dungeon Crawl Stone Soup version 0.29-a0-200-gc7997b95f3 (webtiles) character file.

Game seed: 9459476180620838640

28523 Essalna the Archer (level 13, -2/67 HPs)
             Began as a Spriggan Hunter on Feb 23, 2022.
             Was a High Priest of Hepliaklqana.
             Slain by a boulder beetle (36 damage)
             ... on level 5 of the Lair of Beasts.
             The game lasted 01:04:22 (21586 turns).

Essalna the Archer (Spriggan Hunter)               Turns: 21586, Time: 01:04:23

Health: -2/67      AC:  4    Str:  8    XL:     13   Next: 10%
Magic:  0/24       EV: 25    Int: 18    God:    Hepliaklqana [*****.]
Gold:   960        SH:  0    Dex: 15    Spells: 12/26 levels left

rFire   . . .      SeeInvis +   a - +2 shortbow
rCold   + . .      Faith    .   (shield currently unavailable)
rNeg    . . .      Spirit   +   b - +0 robe
rPois   .          Reflect  .   m - +1 hat
rElec   .          Harm     .   y - +0 cloak
rCorr   .          Rampage  .   (gloves unavailable)
Will    ++...                   (boots unavailable)
Stlth   ++........              d - amulet of guardian spirit
HPRegen 0.21/turn               i - ring of wizardry
MPRegen 0.19/turn               E - ring of protection from cold

@: very quick
A: reduced essence, very small, no large weapons, unfitting armour, see
invisible, speed 3
a: Renounce Religion, Recall Ancestor, Ancestor Identity, Transference, Idealise


You were on level 5 of the Lair of Beasts.
You worshipped Hepliaklqana.
Hepliaklqana was extremely pleased with you.
You visited 3 branches of the dungeon, and saw 16 of its levels.

You collected 960 gold pieces.

Inventory:

Hand Weapons
 a - a +2 shortbow (weapon)
 n - a +0 short sword of venom
 u - the +7 trident "Gugeirat" {flame, Fly}
   (You found it on level 3 of the Dungeon)

   It burns those it strikes, dealing additional fire damage.
   Fly:       It grants you flight.
 J - a +6 flail of venom
Armour
 b - a +0 robe (worn)
 c - the +3 hat of Pondering {ponderous, Will+ MP+10 Int+5}
   (You took it off Gastronok on level 3 of the Lair of Beasts)

   Int:       It affects your intelligence (+5).
   MP:        It affects your magic capacity (+10).
   Will:      It increases your willpower.
 m - a +1 hat (worn)
 y - a +0 cloak (worn)
Jewellery
 d - an amulet of guardian spirit (around neck)
 i - a ring of wizardry (left hand)
 r - an amulet of the acrobat
 E - a ring of protection from cold (right hand)
 K - a ring of ice
Wands
 q - a wand of paralysis (15)
 G - a wand of acid (4)
 H - a wand of polymorph (7)
 N - a wand of iceblast (1)
 P - a wand of flame (27)
Scrolls
 e - 3 scrolls of immolation
 f - 9 scrolls of identify
 h - 7 scrolls of teleportation
 k - 2 scrolls of enchant armour
 l - 2 scrolls of enchant weapon
 o - 2 scrolls of fog
 s - 2 scrolls of amnesia
 w - 3 scrolls of magic mapping
 x - 2 scrolls of fear
 C - 3 scrolls of vulnerability
 Q - 3 scrolls of blinking
Potions
 g - 2 potions of might {unknown}
 j - 6 potions of mutation {unknown}
 p - 3 potions of invisibility {unknown}
 t - 3 potions of attraction {unknown}
 v - a potion of cancellation {unknown}
 z - a potion of haste {unknown}
 A - 2 potions of resistance {unknown}
 B - 2 potions of ambrosia {unknown}
 D - 4 potions of flight {unknown}
 F - 5 potions of curing
 I - 2 potions of lignification {unknown}
 M - 2 potions of degeneration {unknown}
 O - 2 potions of heal wounds {unknown}


   Skills:
 * Level 12.3 Fighting
 + Level 13.8 Bows
 - Level 5.0 Armour
 + Level 12.8 Dodging
 - Level 1.5 Stealth
 + Level 7.2 Spellcasting
 + Level 3.9 Summonings
 - Level 10.0 Translocations
 - Level 3.0 Poison Magic


You had 12 spell levels left.
You knew the following spells:

 Your Spells              Type           Power      Damage    Failure   Level
a - Teleport Other        Tloc           42%        N/A       1%          3
b - Eringya's Noxious Bo  Tmut/Pois      6%         N/A       96%         6
c - Summon Forest         Summ/Tloc      15%        N/A       7%          5

Your spell library contained the following spells:

 Spells                   Type           Power      Damage    Failure   Level
 Gell's Gravitas          Tloc           42%        N/A       1%          3
 Lesser Beckoning         Tloc           42%        N/A       1%          3
 Sandblast                Erth           12%        2d6       4%          1
 Passwall                 Tmut/Erth      5%         N/A       6%          2
 Ignite Poison            Fire/Tmut/Pois 10%        N/A       9%          3
 Mephitic Cloud           Conj/Pois/Air  10%        N/A       9%          3
 Frozen Ramparts          Ice            12%        1d3       13%         3
 Stone Arrow              Conj/Erth      12%        3d7       13%         3
 Summon Ice Beast         Ice/Summ       13%        N/A       19%         4
 Ice Form                 Ice/Tmut       6%         N/A       38%         4
 Freezing Cloud           Conj/Ice/Air   3%         6-21      71%         5
 Summon Hydra             Summ           10%        N/A       99%         7


Dungeon Overview and Level Annotations

Branches:
Dungeon (10/15)            Temple (1/1) D:5            Lair (5/6) D:9
  Swamp (0/4) Lair:3       Spider (0/4) Lair:3        Slime (0/5) Lair:5
    Orc (0/2) D:9

Altars:
Dithmenos
Elyvilon
Fedhas
Gozag
Hepliaklqana
Kikubaaqudgha
Okawaru
Qazlal
Ru
Sif Muna
Uskayaw
Vehumet
Wu Jian
Yredelemnul
Zin
The Shining One
Beogh
Jiyva

Shops:
D:8 **

Annotations:
Lair:4 1 runed translucent door, Nessos; hotpinklipstick's ghost, journeyman OpCK


Innate Abilities, Weirdness & Mutations

Your life essence is reduced to manifest your ancestor. (-10% HP)
You are very small and have problems with some larger weapons.
You are too small for most types of armour.
You have supernaturally acute eyesight. (SInv)
You cover ground extremely quickly. (Speed+++)


Message History

Unknown command.
The boulder beetle hits you!
The boulder beetle stops rolling and uncurls.
The boulder beetle leaps!
You are too injured to fight recklessly!
The boulder beetle curls into a ball and begins rolling!
The boulder beetle hits Osbert!!!
Osbert is destroyed!
The boulder beetle stops rolling and uncurls.
You are too injured to fight recklessly!
You are too injured to fight recklessly!
Unknown command.
Unknown command.
Unknown command.
Unknown command.
Unknown command.
Unknown command.
The boulder beetle curls into a ball and begins rolling!
Really attack while wielding your +2 shortbow? [Y]es or [N]o only, please.
Really attack while wielding your +2 shortbow? [Y]es or [N]o only, please.
Really attack while wielding your +2 shortbow? [Y]es or [N]o only, please.
Really attack while wielding your +2 shortbow?
Okay, then.
The boulder beetle completely misses you.
The boulder beetle stops rolling and uncurls.
The boulder beetle curls into a ball and begins rolling!
The boulder beetle closely misses you.
The boulder beetle stops rolling and uncurls.
The boulder beetle bites you!!
Osbert is still trapped in memory!
The boulder beetle enters a dispersal trap!
The human blinks!
You blink.
The boulder beetle leaps!
The boulder beetle curls into a ball and begins rolling!
The boulder beetle hits you!!!
Ouch! That really hurt!
You die...

###..............##
##...^.....#....#
#..............##
#P............##
#..........°..#
##.......≈≈.°.## #
###......≈.°...# #
#P.......≈≈B..#.# #
##.#.....≈@....#.# #
####P..#....≈.........
####.#.........<..........
..........................
........P.................
.............................#
...................p.........#
.............................#
.............................#


You could see a boulder beetle (rolling) and a neutral human (wandering).

Vanquished Creatures
  3 hydras
  Nergalle (Lair:2)
  8 elephants
  A black mamba (Lair:5)
  A cane toad (Lair:2)
  4 komodo dragons
  2 trolls
  Prince Ribbit (D:5)
  A tyrant leech (Lair:3)
  A slime creature (D:10)
  Sigmund (D:4)
  A shadow (D:5)
  13 yaks
  A wyvern (Lair:2)
  A basilisk (Lair:2)
  A hog (Lair:5)
  Menkaure (D:4)
  Edmund (D:4)
  6 water moccasins
  2 black bears (D:9)
  5 orc warriors
  3 ice beasts
  2 necrophages
  4 wolves
  3 ogres
  4 centaurs
  3 phantoms (D:5)
  Blork the orc (D:4)
  2 kobold brigands
  4 bullfrogs
  4 gnoll sergeants (D:9)
  7 scorpions
  8 wights
  2 centaur zombies
  A bullfrog zombie (D:6)
  3 jellies
  4 orc priests
  4 iguanas
  Natasha (thrice) (D:4)
  7 orc wizards
  A hound zombie (D:5)
  Robin (D:4)
  11 gnolls
  A howler monkey skeleton (D:5)
  3 adders
  2 white imps
  3 adder skeletons
  2 worms (D:2)
  2 dart slugs
  30 orcs
  5 bats
  10 endoplasms
  12 giant cockroaches
  26 goblins
  10 hobgoblins
  8 jackals
  16 kobolds
  3 quokkas (D:1)
  5 ball pythons
  3 frilled lizards (D:1)
  3 rats
282 creatures vanquished.

Vanquished Creatures (collateral kills)
  Gastronok (Lair:3)
  Kirke (Lair:5)
  Harold (Lair:2)
  A catoblepas (Lair:2)
  A death yak (Lair:4)
  Sonja (Lair:3)
  An ugly thing (D:10)
  2 elephants
  Maggie (Lair:1)
  A komodo dragon (Lair:1)
  A cane toad (Lair:2)
  2 tyrant leeches (Lair:3)
  A polar bear (Lair:2)
  2 slime creatures (D:10)
  4 blink frogs (Lair:3)
  4 wyverns
  A nameless horror (Lair:2)
  10 yaks
  2 hogs (Lair:5)
  An acid dragon (D:9)
  3 water moccasins
  3 orc warriors (D:9)
  An ice beast (D:7)
  A black bear (Lair:2)
  An ogre (D:9)
  9 wolves
  3 centaurs
  2 kobold brigands
  A bullfrog (D:9)
  A scorpion (D:9)
  2 wights
  A howler monkey (D:8)
  3 gnolls (D:9)
  10 orcs
  A kobold (D:9)
81 creatures vanquished.

Vanquished Creatures (others)
  2 yaks (Lair:2)
  6 knights
  5 ancestors
  39 fungi
  34 plants
86 creatures vanquished.

Grand Total: 449 creatures vanquished

Notes
Turn   | Place    | Note
-------+----------+-------------------------------------------
     0 | D:1      | Essalna the Spriggan Hunter began the quest for the Orb.
     0 | D:1      | Reached XP level 1. HP: 10/10 MP: 2/2
   112 | D:1      | Reached skill level 5 in Bows
   244 | D:1      | Reached XP level 2. HP: 5/14 MP: 3/3
   770 | D:1      | Found a faded altar of an unknown god.
   772 | D:1      | Reached skill level 6 in Bows
   929 | D:1      | Reached XP level 3. HP: 15/18 MP: 4/4
  1787 | D:2      | Reached XP level 4. HP: 22/22 MP: 5/5
  2050 | D:2      | Reached skill level 7 in Bows
  2436 | D:3      | Identified the +7 trident "Gugeirat" {flame, Fly}
  2665 | D:3      | Reached XP level 5. HP: 25/25 MP: 6/6
  2999 | D:4      | Noticed Menkaure
  3005 | D:4      | Killed Menkaure
  3006 | D:4      | Reached skill level 8 in Bows
  3006 | D:4      | Reached XP level 6. HP: 29/30 MP: 7/7
  3021 | D:4      | Reached skill level 1 in Armour
  3047 | D:4      | Noticed Blork the orc
  3055 | D:4      | Killed Blork the orc
  3263 | D:4      | Noticed Sigmund
  3315 | D:5      | Entered Level 5 of the Dungeon
  3652 | D:5      | Reached XP level 7. HP: 35/35 MP: 8/8
  3658 | D:5      | Learned a level 3 spell: Teleport Other
  3786 | D:5      | Noticed Prince Ribbit
  4021 | D:6      | Reached skill level 1 in Translocations
  4246 | D:6      | Noticed a yak
  4246 | D:6      | Noticed a yak
  4247 | D:6      | Noticed a yak
  4247 | D:6      | Noticed a yak
  4826 | D:4      | Noticed Robin
  5069 | D:4      | Found an opulent altar of Gozag.
  5079 | D:4      | Reached skill level 5 in Dodging
  5262 | D:4      | Noticed Natasha
  5416 | D:4      | Killed Natasha
  5474 | D:4      | Noticed Edmund
  5554 | D:4      | Noticed Natasha
  5797 | D:4      | Killed Natasha
  5889 | D:4      | Noticed Natasha
  5939 | D:5      | Found a staircase to the Ecumenical Temple.
  5946 | Temple   | Entered the Ecumenical Temple
  5986 | Temple   | Became a worshipper of Hepliaklqana the Forgotten
  6066 | D:5      | Killed Prince Ribbit
  6067 | D:5      | Reached skill level 9 in Bows
  6067 | D:5      | Reached XP level 8. HP: 38/40 MP: 9/9
  7193 | D:5      | Reached skill level 5 in Translocations
  7547 | D:4      | Killed Natasha
  7742 | D:4      | Killed Sigmund
  7743 | D:4      | Reached XP level 9. HP: 45/45 MP: 10/10
  7828 | D:4      | Killed Robin
  8553 | D:4      | Killed Edmund
  8967 | D:6      | Reached skill level 10 in Bows
  9418 | D:6      | Reached * piety under Hepliaklqana
 10628 | D:8      | Reached skill level 5 in Fighting
 11302 | D:7      | Identified a scroll of acquirement
 11302 | D:7      | Acquired a manual of Fighting
 11663 | D:9      | Reached XP level 10. HP: 5/45 MP: 3/11
 12023 | D:8      | Found Uqimueh's Specific Store.
 12025 | D:8      | Found Afuat's General Store.
 12141 | D:8      | Found a shadowy altar of Dithmenos.
 12442 | D:8      | Found a stormy altar of Qazlal.
 12443 | D:8      | Found an ornate altar of the Wu Jian Council.
 12444 | D:8      | Found a hide-covered altar of Uskayaw.
 12445 | D:8      | Found a blossoming altar of Fedhas.
 12767 | D:7      | Reached skill level 11 in Bows
 12863 | D:9      | Reached ** piety under Hepliaklqana
 12864 | D:9      | Remembered your ancestor Osbert as a knight
 13069 | D:9      | Found an iron altar of Okawaru.
 13205 | D:9      | Reached skill level 5 in Armour
 13310 | D:9      | Found a staircase to the Orcish Mines.
 13629 | D:10     | Entered Level 10 of the Dungeon
 14078 | D:9      | Found a staircase to the Lair.
 14276 | D:9      | Reached skill level 10 in Dodging
 14689 | D:10     | Noticed a brown ugly thing
 14702 | D:10     | Killed a brown ugly thing
 14784 | D:10     | Reached skill level 10 in Translocations
 14784 | D:10     | Reached XP level 11. HP: 52/52 MP: 12/12
 14795 | D:10     | Reached skill level 1 in Spellcasting
 14999 | D:10     | Reached skill level 12 in Bows
 15205 | D:10     | Reached *** piety under Hepliaklqana
 15490 | Lair:1   | Entered Level 1 of the Lair of Beasts
 15920 | Lair:1   | Noticed Maggie
 15936 | Lair:1   | Killed Maggie
 16113 | Lair:1   | Noticed a four-headed hydra
 16126 | Lair:1   | Killed a four-headed hydra
 16291 | Lair:1   | Learned a level 6 spell: Eringya's Noxious Bog
 16297 | Lair:1   | Learned a level 5 spell: Summon Forest
 16324 | Lair:1   | Reached **** piety under Hepliaklqana
 16796 | Lair:2   | Reached skill level 1 in Poison Magic
 16850 | Lair:2   | Reached skill level 10 in Fighting
 16850 | Lair:2   | Reached skill level 1 in Summonings
 16888 | Lair:2   | Noticed a catoblepas
 17452 | Lair:2   | Noticed Harold
 17511 | Lair:2   | Noticed Nergalle
 17665 | Lair:3   | Reached XP level 12. HP: 57/61 MP: 17/20
 17747 | Lair:3   | Noticed Gastronok
 17778 | Lair:3   | Killed Gastronok
 17779 | Lair:3   | Reached skill level 5 in Spellcasting
 17858 | Lair:3   | Reached skill level 13 in Bows
 17862 | Lair:3   | Reached ***** piety under Hepliaklqana
 17898 | Lair:3   | Noticed Sonja
 17904 | Lair:3   | Killed Sonja
 18264 | Lair:3   | Found a staircase to the Swamp.
 18702 | Lair:2   | Killed Harold
 19127 | Lair:2   | Killed Nergalle
 19209 | Lair:2   | Killed a catoblepas
 19632 | Lair:2   | Identified the +6 long sword of Exquisite Torment {speed,
                  | Str+3}
 19821 | Lair:3   | Found a hole to the Spider Nest.
 20286 | Lair:4   | Found a runed translucent door.
 20286 | Lair:4   | Noticed hotpinklipstick's ghost (journeyman OpCK)
 20364 | Lair:4   | Noticed a death yak
 20367 | Lair:4   | Noticed a death yak
 20368 | Lair:4   | Noticed a death yak
 20390 | Lair:4   | Killed a death yak
 20426 | Lair:4   | Noticed a seven-headed hydra
 20493 | Lair:4   | Noticed Nessos
 21088 | Lair:5   | Noticed a four-headed hydra
 21096 | Lair:5   | Killed a four-headed hydra
 21199 | Lair:5   | Noticed Kirke
 21216 | Lair:5   | Found a viscous altar of Jiyva.
 21219 | Lair:5   | Reached XP level 13. HP: 66/67 MP: 21/24
 21237 | Lair:5   | Killed Kirke
 21367 | Lair:5   | Found a staircase to the Slime Pits.
 21586 | Lair:5   | Slain by a boulder beetle

Illustrated notes

Levels and vault maps discovered:
D:1:      dpeg_arrival_arbitrary_b, layout_loops_ring,
          ebering_ecumenical_altar_hall, minmay_tromino_v4_b
D:2:      minmay_general_purpose_star, layout_loops_corners, serial_forest,
          infiniplex_forest_lined_room_2, infiniplex_forest_lined_3,
          infiniplex_forest_clump_tiny, infiniplex_forest_end_2
D:3:      minmay_roachtagon, layout_basic, serial_park_tiny_pond
D:4:      layout_basic, nicolae_overflow_crystal_walls, minmay_ogre_servants,
          uniq_robin, uniq_edmund, uniq_sigmund, uniq_natasha,
          uniq_blork_the_orc, uniq_menkaure
D:5:      layout_basic, minmay_temple_entry_hall, kennysheep_generic_room_11,
          uniq_prince_ribbit1
D:6:      layout_gridville
D:7:      layout_basic
D:8:      layout_cave_pools, mainiacjoe_overflow_alcove_3,
          nicolae_overflow_hidden_temple, special_room [special_room_orc],
          dk_vineyard_3, minmay_misc_feat_rows, nicolae_specific_store,
          nrook_mini_backslash
D:9:      layout_loops_ring, okawaru_altar_gauntlet_db,
          grunt_lair_entry_orc_guard_hut,
          kennysheep_orc_monster_closet_entryway, serial_glass, glass_columns_a,
          glass_columns_b, glass_columns_c, glass_columns_b, glass_columns_b,
          glass_columns_a, minivault_16
D:10:     layout_long_grid
Temple:   eino_narrow_crystal_temple
Lair:1:   layout_regular_city, chequers_serial_rivers_marsh, st_stairs_8,
          infiniplex_staircase_pool_2, lemuel_fruit_fields, uniq_maggie
Lair:2:   layout_regular_city, grunt_megastairs_1, uniq_nergalle, uniq_harold
Lair:3:   layout_chaotic_city, minmay_swamp_entry_worms,
          spider_nest_entry_web_field, uniq_gastronok, uniq_sonja
Lair:4:   layout_regular_city, serial_rivers, chequers_serial_rivers_micro_d,
          chequers_serial_rivers_micro_d, chequers_serial_rivers_micro_e,
          chequers_serial_rivers_room_b, chequers_serial_rivers_micro_e,
          ebering_ghost_inner_flame, grunt_megastairs_5, uniq_nessos
Lair:5:   layout_hall_layers, slime_altar_1, chequers_serial_rivers_micro_c,
          grunt_megastairs_2, lemuel_fruit_fields, uniq_kirke

Skill      XL: |  1  2  3  4  5  6  7  8  9 10 11 12 |
---------------+-------------------------------------+-----
Bows           | 5 6 7 8 9 10 11 12 13 | 13.8
Fighting       | 2 3 4 5 7 10 12 | 12.3
Dodging        | 3 4 5 6 8 10 11 12 | 12.8
Armour         | 1 2 3 4 5 |  5.0
Translocations | 3 5 7 10 | 10.0
Spellcasting   | 4 7 |  7.2
Poison Magic   | 2 3 |  3.0
Summonings     | 1 3 |  3.9
Stealth        | |  1.5

Action                   |  1- 3 |  4- 6 |  7- 9 | 10-12 | 13-15 || total
-------------------------+-------+-------+-------+-------+-------++-------
Melee: Dagger            |    19 |       |       |       |       ||    19
       Short sword       |       |    11 |       |       |       ||    11
       Trident           |       |    12 |    12 |    43 |       ||    67
 Fire: Shortbow          |    75 |    90 |   619 |   900 |    32 ||  1716
Throw: Throwing net      |       |       |       |     3 |       ||     3
 Cast: Teleport Other    |       |       |       |     1 |       ||     1
       Summon Forest     |       |       |       |     5 |       ||     5
Invok: Recall Ancestor   |       |       |     4 |    28 |       ||    32
       Ancestor Life: Kn |       |       |       |     1 |       ||     1
       Idealise          |       |       |       |       |     1 ||     1
       Transference      |       |       |       |       |     1 ||     1
Evoke: Wand              |       |       |     2 |       |       ||     2
  Use: Scroll            |       |       |    12 |     6 |       ||    18
       Potion            |       |       |       |     1 |       ||     1
 Stab: Sleeping          |       |       |     1 |       |       ||     1
       Distracted        |       |       |       |     1 |       ||     1
Armor: Robe              |     6 |     2 |    20 |    22 |       ||    50
Dodge: Dodged            |    40 |    59 |   264 |   263 |     6 ||   632

Table legend: (Time is in decaauts)
 A = Elapsed time spent in this place.
 B = Non-inter-level travel time spent in this place.
 C = Inter-level travel time spent in this place.
 D = Time resting spent in this place.
 E = Time spent auto-exploring this place.
 F = Levels seen in this place.
 G = Mean time per level.
                   A        B        C        D        E       F      G
               +--------+--------+--------+--------+--------+-----+--------+
         Total |  16991 |  16148 |    843 |   1642 |  10800 |  16 | 1061.9 |
       Dungeon |  12177 |  11491 |    686 |   1554 |   7357 |  10 | 1217.7 |
        Temple |     30 |     15 |     15 |      0 |     12 |   1 |   30.0 |
          Lair |   4783 |   4642 |    141 |     88 |   3430 |   5 |  956.6 |
               +--------+--------+--------+--------+--------+-----+--------+

Top non-repeatable levels by time:
     D:5: 2303 daAuts
     D:7: 1642 daAuts
  Lair:3: 1501 daAuts
     D:4: 1437 daAuts
     D:9: 1339 daAuts
  Lair:2: 1266 daAuts
  Lair:1: 1176 daAuts
     D:6: 1091 daAuts
     D:3: 1078 daAuts
     D:8: 933 daAuts
     D:1: 905 daAuts
    D:10: 870 daAuts
     D:2: 577 daAuts
  Lair:5: 518 daAuts
  Lair:4: 320 daAuts
